 Dungeon Crawl Stone Soup version 0.19-a0-1622-g1bbd97d (webtiles) character file.

88 TheGoonsmith the Chopper (level 4, -2/40 HPs)
             Began as a Hill Orc Gladiator on Sept 17, 2016.
             Slain by Grinder (4 damage)
             ... on level 3 of the Dungeon.
             The game lasted 00:02:24 (2048 turns).

TheGoonsmith the Chopper (Hill Orc Gladiator)       Turns: 2048, Time: 00:02:25

Health: -2/40      AC:  6    Str: 20 (23) XL:     4   Next: 53%
Magic:  4/4        EV: 12    Int:  5 (8)  God:
Gold:   147        SH:  0    Dex: 10 (11) Spells: 0 memorised, 3 levels left

rFire  . . .     SeeInvis .     a - +0 war axe
rCold  . . .     Gourm    .     b - +0 leather armour
rNeg   . . .     Faith    .     (no shield)
rPois  .         Spirit   .     c - +0 helmet
rElec  .         Dismiss  .     (no cloak)
rCorr  .         Reflect  .     v - +1 pair of gloves
MR     .....     Harm     .     (no boots)
Stlth  +.........               (no amulet)
                                (no ring)
                                (no ring)

@: mighty
A: no striking features
a: no special abilities


You were on level 3 of the Dungeon.
You were not hungry.

You visited 1 branch of the dungeon, and saw 3 of its levels.

You collected 147 gold pieces.

Inventory:

Hand Weapons
 a - a +0 war axe (weapon)
Armour
 b - a +0 leather armour (worn)
 c - a +0 helmet (worn)
 v - a +1 pair of gloves (worn)
Jewellery
 m - a +4 ring of intelligence {unknown}
Scrolls
 e - 2 scrolls of noise {unknown}
 g - 2 scrolls of enchant weapon {unknown}
 j - a scroll of fog {unknown}
 l - 4 scrolls of remove curse {unknown}
 n - 2 scrolls of identify {unknown}
 o - a scroll of enchant armour {unknown}
 p - a scroll of amnesia {unknown}
 t - 3 scrolls of teleportation {unknown}
 u - a scroll of recharging {unknown}
Comestibles
 f - 2 bread rations
 k - a meat ration
 q - a beef jerky
 s - a slice of pizza
 w - a chunk of flesh


   Skills:
 + Level 4.2 Fighting
 + Level 5.6 Axes
 - Level 1.7 Throwing
 - Level 2.4 Dodging


You had 3 spell levels left.
You didn't know any spells.

Dungeon Overview and Level Annotations

Branches:
Dungeon (3/15)

Altars:
Ashenzari
Cheibriados
Elyvilon

Annotations:
D:3 Grinder


Message History

Unknown command.
Unknown command.
Unknown command.
You barely miss Grinder.
Grinder is moderately wounded.
Grinder hits you but does no damage. x2
It was a potion of degeneration.
There was something very wrong with that liquid.
You feel weakened.
You feel dopey.
You feel clumsy. Grinder gestures at you.
You shrug off the repeated paralysis!
You closely miss Grinder.
Grinder is moderately wounded.
Grinder closely misses you.
You slash Grinder!
Grinder is severely wounded.
Grinder hits you.
* * * LOW HITPOINT WARNING * * *
You writhe in agony.
You die...

##. ########..
########.........
.......'.........
########........)
##############.......(.
#...(...........(...###
#....(.....)...........
#!..$5@................
#.(.....##############.
........... ........
############ #.......
#....... #.......
#....... #.......
#.......


You could see Grinder.

Vanquished Creatures
  3 adders
  2 oozes (D:1)
  A dart slug (D:1)
  A leopard gecko (D:1)
  An orc (D:3)
  A ball python (D:1)
  4 giant cockroaches
  7 goblins
  6 hobgoblins
  6 jackals (D:2)
  A quokka (D:2)
  2 bats
  2 frilled lizards
  5 kobolds
  5 rats
47 creatures vanquished.

Vanquished Creatures (others)
  A bat (D:2)
1 creature vanquished.

Grand Total: 48 creatures vanquished

Notes
Turn   | Place    | Note
-------+----------+-------------------------------------------
     0 | D:1      | TheGoonsmith the Hill Orc Gladiator began the quest for the Orb.
     0 | D:1      | Reached XP level 1. HP: 18/18 MP: 1/1
   210 | D:1      | Reached XP level 2. HP: 9/25 MP: 2/2
   684 | D:1      | Reached XP level 3. HP: 28/31 MP: 3/3
   877 | D:1      | Reached skill level 5 in Axes
  1086 | D:2      | Found a snail-covered altar of Cheibriados.
  1124 | D:2      | Found a white marble altar of Elyvilon.
  1473 | D:2      | Reached XP level 4. HP: 22/40 MP: 4/4
  1927 | D:3      | Found a shattered altar of Ashenzari.
  2022 | D:3      | Noticed Grinder
  2026 | D:3      | Paralysed by Grinder for 6 turns
  2040 | D:3      | Paralysed by Grinder for 5 turns
  2048 | D:3      | HP: 2/40 [Grinder (3)]
  2048 | D:3      | Slain by Grinder

Vault maps used:
D:1:      lightli_arrival_maybe_door_vault, minmay_fountain_box
D:2:      elyvilon_altar_4, overflow_temple_1_default,
          minmay_misc_feat_nine_boxes
D:3:      ashenzari_conservatory_becter, uniq_grinder

Skill      XL: |  1  2  3  4 |
---------------+-------------+-----
Fighting       | 3 4 |  4.2
Axes           | 5 |  5.6
Throwing       | |  1.7
Dodging        | |  2.4

Action                   |  1- 3 |  4- 6 || total
-------------------------+-------+-------++-------
Melee: War axe           |    92 |    56 ||   148
Throw: Throwing net      |       |     3 ||     3
  Use: Potion            |       |     4 ||     4
 Stab: Sleeping          |     1 |       ||     1
  Eat: Chunk             |     2 |     2 ||     4
Armor: Leather armour    |    24 |    27 ||    51
Dodge: Dodged            |    76 |    49 ||   125
